 Dungeon Crawl Stone Soup version 0.26.0-10-g1f06aea511 (webtiles) character file.

Game seed: 9725971362253368518

2044 Amaterasu the Grappler (level 9, -4/74 HPs)
             Began as a Ghoul Monk on Jan 25, 2021.
             Was an Elder of Okawaru.
             Slain by a two-headed ogre
             ... wielding a +0 giant spiked club
              (16 damage)
             ... on level 9 of the Dungeon.
             The game lasted 00:10:16 (7227 turns).

Amaterasu the Grappler (Ghoul Monk)                 Turns: 7227, Time: 00:10:16

Health: -4/74      AC: 16    Str: 18    XL:     9   Next: 24%
Magic:  10/10      EV:  4    Int:  5    God:    Okawaru [****..]
Gold:   659        SH: 13    Dex: 11    Spells: 8/8 levels left

rFire    + . .     SeeInvis .     - Unarmed
rCold    + . .     Faith    .   o - +0 tower shield
rNeg     + + +     Spirit   .   h - +1 chain mail {rF+}
rPois    ∞         Reflect  .   f - +2 helmet
rElec    .         Harm     .   (no cloak)
rCorr    .         Rampage  .   j - +0 pair of gloves
Will     .....                  s - +0 pair of boots
Stlth    ..........             x - amulet of the acrobat
HPRegen  0.00/turn              (no ring)
MPRegen  0.12/turn              B - ring of stealth

@: no status effects
A: claws 1, cold resistance 1, negative energy resistance 3, inhibited
regeneration, torment resistance, unbreathing
a: Renounce Religion, Heroism


You were on level 9 of the Dungeon.
You worshipped Okawaru.
Okawaru was greatly pleased with you.
You visited 2 branches of the dungeon, and saw 10 of its levels.

You collected 659 gold pieces.

Inventory:

Armour
 a - a +0 robe
 f - a +2 helmet (worn)
 h - a +1 chain mail of fire resistance (worn)
 j - a +0 pair of gloves (worn)
 o - a +0 tower shield (worn)
 s - a +0 pair of boots (worn)
Jewellery
 x - an amulet of the acrobat (around neck)
 B - a ring of stealth (right hand)
Wands
 n - a wand of flame (29)
 q - a wand of polymorph (3)
Scrolls
 b - 3 scrolls of fog
 c - 5 scrolls of remove curse
 i - 4 scrolls of magic mapping
 k - 3 scrolls of teleportation
 v - 4 scrolls of amnesia
 w - a scroll of enchant armour
 y - 3 scrolls of blinking
 A - a scroll of enchant weapon
Potions
 d - a potion of resistance
 e - 2 potions of brilliance
 g - 10 potions of curing
 l - a potion of cancellation
 m - 2 potions of attraction
 p - a potion of invisibility
 r - a potion of haste {unknown}
 t - 2 potions of heal wounds
 u - a potion of ambrosia {unknown}


   Skills:
 * Level 5.4 Fighting
 * Level 4.1 Armour
 * Level 4.3 Dodging
 - Level 2.1 Stealth
 * Level 4.1 Shields
 * Level 9.0 Unarmed Combat
 * Level 2.9 Invocations


You had 8 spell levels left.
You didn't know any spells.
Your spell library contained the following spells:

 Spells                   Type           Power        Failure   Level
 Shock                    Conj/Air       0%           100%        1
 Swiftness                Air            0%           100%        2
 Static Discharge         Conj/Air       0%           100%        3
 Airstrike                Air            0%           100%        4
 Lightning Bolt           Conj/Air       0%           100%        5


Dungeon Overview and Level Annotations

Branches:
Dungeon (9/15)             Temple (1/1) D:5
   Lair: D:8-11         Orc: D:9-12

Altars:
Dithmenos
Elyvilon
Fedhas
Hepliaklqana
Kikubaaqudgha
Makhleb
Okawaru
Qazlal
Ru
Sif Muna
Uskayaw
Vehumet
Wu Jian
Xom
Yredelemnul
Zin
The Shining One
Lugonu

Shops:
D:6 (

Portals:
Abyss: D:6

Annotations:
D:4 3 runed translucent doors, funkygono's ghost, novice GrFE
D:5 1 runed translucent door


Innate Abilities, Weirdness & Mutations

You thrive by killing the living.
You are immune to poison.
You have sharp fingernails.
Your flesh is cold resistant. (rC+)
You are immune to negative energy. (rN+++)
You do not regenerate when monsters are visible.
You are immune to unholy pain and torment.
You can survive without breathing.


Message History

You are too injured to fight recklessly!
You are too injured to fight recklessly!
You are too injured to fight recklessly!
You punch the two-headed ogre!
The two-headed ogre is severely wounded.
The two-headed ogre hits you with a +0 giant spiked club!!
* * * LOW HITPOINT WARNING * * *
You block the two-headed ogre's attack.
You hit the two-headed ogre.
The two-headed ogre is almost dead.
You hit the two-headed ogre.
The two-headed ogre is almost dead.
You block the two-headed ogre's attack. The two-headed ogre barely misses you.
You hit the two-headed ogre but do no damage.
The two-headed ogre is almost dead.
You block the two-headed ogre's attack. x2
You closely miss the two-headed ogre.
The two-headed ogre is almost dead.
The two-headed ogre hits you with a +0 giant spiked club!
You die...

#..####### ....#.#..
..... ......... ....
......... .#.#
........####.#.#
........#...#..#
............K..#
.......)....#..## ##
.....##....K.#@..###..
.(... #####YYO#...#...
.....# ##KY##.......
......####..KZ........
.........<............
...............)#.#...
..................###.
...............####
........$.....((..##


You could see a two-headed ogre, 3 yaks, a big kobold and 2 kobolds.

Vanquished Creatures
  A yak (D:9)
  An orc warrior (D:6)
  An ice beast (D:5)
  2 phantoms (D:6)
  A necrophage (D:7)
  4 ogres
  3 centaurs
  2 bullfrogs
  A water moccasin zombie (D:7)
  6 wights
  2 hounds (D:7)
  A jelly (D:7)
  An orc priest (D:3)
  2 orc wizards (D:5)
  Terence (D:2)
  Jessica (D:3)
  A worker ant (D:4)
  2 hound skeletons
  A howler monkey skeleton (D:8)
  2 adders
  A shadow imp (D:5)
  2 white imps
  3 oozes
  2 worms (D:2)
  3 dart slugs
  3 leopard geckos
  13 orcs
  A ball python (D:7)
  8 bats
  7 giant cockroaches
  10 goblins
  8 hobgoblins
  2 jackals (D:5)
  A quokka (D:8)
  4 frilled lizards
  A giant cockroach zombie (D:5)
  14 kobolds
  8 rats
  A rat zombie (D:7)
  A lurking horror (D:6)
129 creatures vanquished.

Vanquished Creatures (others)
  3 fungi (D:3)
  A lurking horror (D:6)
4 creatures vanquished.

Grand Total: 133 creatures vanquished

Notes
Turn   | Place    | Note
-------+----------+-------------------------------------------
     0 | D:1      | Amaterasu the Ghoul Monk began the quest for the Orb.
     0 | D:1      | Reached XP level 1. HP: 19/19 MP: 0/0
   168 | D:1      | Reached XP level 2. HP: 26/26 MP: 1/1
   176 | D:1      | Reached skill level 4 in Unarmed Combat
   353 | D:1      | Reached XP level 3. HP: 25/31 MP: 2/2
  1059 | D:2      | Noticed Terence
  1086 | D:2      | Killed Terence
  1087 | D:2      | Reached skill level 5 in Unarmed Combat
  1087 | D:2      | Reached XP level 4. HP: 39/39 MP: 3/3
  1256 | D:2      | Reached skill level 1 in Armour
  1540 | D:2      | Reached XP level 5. HP: 29/46 MP: 4/4
  1733 | D:3      | Found a glowing silver altar of Zin.
  1790 | D:3      | Noticed Jessica
  1793 | D:3      | Killed Jessica
  2270 | D:3      | Found a blossoming altar of Fedhas.
  2339 | D:4      | Noticed an ogre
  2351 | D:4      | Killed an ogre
  2352 | D:4      | Reached skill level 1 in Shields
  2352 | D:4      | Reached XP level 6. HP: 32/52 MP: 5/5
  2547 | D:4      | Noticed funkygono's ghost (novice GrFE)
  2558 | D:4      | Reached skill level 6 in Unarmed Combat
  2562 | D:4      | Found a runed translucent gate.
  2562 | D:4      | Found a runed translucent gate.
  2594 | D:4      | Found a runed translucent gate.
  3070 | D:5      | Entered Level 5 of the Dungeon
  3196 | D:5      | Found a staircase to the Ecumenical Temple.
  3201 | Temple   | Entered the Ecumenical Temple
  3256 | Temple   | Became a worshipper of Warmaster Okawaru
  3256 | Temple   | Reached * piety under Okawaru
  3256 | Temple   | Reached ** piety under Okawaru
  3275 | D:5      | Noticed an ice beast
  3291 | D:5      | Killed an ice beast
  3292 | D:5      | Reached XP level 7. HP: 47/59 MP: 6/6
  3661 | D:5      | Reached skill level 7 in Unarmed Combat
  3661 | D:5      | Reached skill level 1 in Invocations
  3719 | D:5      | Found a glowing golden altar of the Shining One.
  3719 | D:5      | Noticed an angel
  3720 | D:5      | Found a runed translucent door.
  4704 | D:6      | Found a sacrificial altar of Ru.
  4743 | D:6      | Found Wayqoh's Weapon Emporium.
  4778 | D:6      | Found a radiant altar of Vehumet.
  4795 | D:6      | Reached XP level 8. HP: 38/67 MP: 6/8
  5027 | D:6      | Reached *** piety under Okawaru
  5094 | D:6      | Found a hazy altar of Hepliaklqana.
  5225 | D:6      | Found a corrupted altar of Lugonu.
  5227 | D:6      | Found a one-way gate to the infinite horrors of the Abyss.
  5628 | D:6      | Found a basalt altar of Yredelemnul.
  5808 | D:7      | Reached skill level 5 in Fighting
  5808 | D:7      | Reached skill level 8 in Unarmed Combat
  5932 | D:7      | Found a hide-covered altar of Uskayaw.
  6082 | D:7      | Found an ancient bone altar of Kikubaaqudgha.
  6854 | D:8      | Reached XP level 9. HP: 74/74 MP: 9/9
  7191 | D:9      | Noticed a two-headed ogre
  7209 | D:9      | Reached **** piety under Okawaru
  7210 | D:9      | Reached skill level 9 in Unarmed Combat
  7227 | D:9      | Slain by a two-headed ogre

Illustrated notes

Levels and vault maps discovered:
D:1:      dpeg_arrival_short_road, layout_rooms
D:2:      layout_loops_cross, uniq_terence
D:3:      layout_loops_ring, fedhas_altar_3, old_standard_altar, uniq_jessica
D:4:      layout_basic, gammafunk_ghost_split
D:5:      layout_basic, temple_doors_e, hangedman_decor_riveting,
          lemuel_angel_altar
D:6:      layout_loops_corners, old_standard_altar, nzn_hepliaklqana_mist_gate,
          lemuel_crystal_altar, kennysheep_mini_moat, serial_shops, shop,
          amcnicky_altar_lugonu_corruption
D:7:      layout_basic, general_overflow_altar,
          lemuel_zombie_altar_kikubaaqudgha
D:8:      layout_loops_ring
D:9:      layout_cave_pools, ashenzari_altar_1, old_standard_altar
Temple:   hc_temple_tempest_star

Skill      XL: |  1  2  3  4  5  6  7  8  9 |
---------------+----------------------------+-----
Unarmed Combat | 4 5 6 7 8 9 |  9.0
Dodging        | 3 4 |  4.3
Armour         | 1 2 3 4 |  4.1
Fighting       | 4 5 |  5.4
Shields        | 1 2 3 4 |  4.1
Invocations    | 1 2 |  2.9
Stealth        | |  2.1

Action                   |  1- 3 |  4- 6 |  7- 9 || total
-------------------------+-------+-------+-------++-------
Melee: Unarmed           |   140 |   187 |   298 ||   625
       Punch             |     1 |       |       ||     1
Invok: Heroism           |       |       |     1 ||     1
  Use: Scroll            |     5 |    11 |     5 ||    21
 Stab: Sleeping          |     3 |       |       ||     3
Armor: Robe              |     8 |       |       ||     8
       Chain mail        |    47 |    89 |   118 ||   254
Dodge: Dodged            |    64 |    20 |    31 ||   115
Block: Tower shield      |       |    95 |   170 ||   265
